[Event "Titled Tuesday Blitz February 21 Early 2023"]
[White "Rosh Jain"]
[Black "Womacka, Mathias"]
[WhiteFideId "25789465"]
[BlackFideId "4611390"]
[WhiteElo "2248"]
[BlackElo "2396"]
[Result "0-1"]
[Round "02"]
[TimeControl "180+2"]
[Date "2023.02.21"]
[WhiteClock "0:00:34"]
[BlackClock "0:01:26"]

1. e4 c5 2. Nf3 d6 3. d4 cxd4 4. Nxd4 Nf6 5. Nc3 a6 6. Bc4 e6 7. Bb3 b5 8. O-O Be7 9. Bg5 O-O 10. Re1 Bd7 11. Kh1 Nc6 12. h3 Nxe4 13. Nxe4 Bxg5 14. Nxd6 Bf6 15. Nxc6 Bxc6 16. c3 Qb6 17. Qe2 Rad8 18. Nxf7 Rxf7 19. Qxe6 Rf8 20. Qd6 Bxg2+ 21. Kxg2 Qxd6 22. Rad1 Qc6+ 23. Bd5 Qc7 0-1


[Site "https://www.chess.com"]

[Event "Titled Tuesday Blitz February 21 Early 2023"]
[White "SicilianPanzer"]
[Black "Ronka, Erik"]
[BlackFideId "505080"]
[WhiteElo "2254"]
[BlackElo "2276"]
[Result "1/2-1/2"]
[Round "02"]
[TimeControl "180+2"]
[Date "2023.02.21"]
[WhiteClock "0:00:04"]
[BlackClock "0:00:07"]

1. e4 c5 2. Nc3 g6 3. d4 cxd4 4. Qxd4 Nf6 5. Nf3 Nc6 6. Qa4 d6 7. e5 dxe5 8. Nxe5 Bg7 9. Nxc6 bxc6 10. Qxc6+ Bd7 11. Qf3 O-O 12. Bc4 Rc8 13. Bb3 Bc6 14. Qg3 Nh5 15. Qh3 Qc7 16. O-O Nf4 17. Bxf4 Qxf4 18. Rfe1 e6 19. Rad1 a5 20. a4 h5 21. Qe3 Qg4 22. f3 Qb4 23. g3 Kh7 24. Kg2 Bh6 25. Qd4 Qb7 26. Rd3 h4 27. Qxh4 Rh8 28. Ne4 Kg8 29. Qf6 Bg7 30. Qg5 Bxe4 31. Rxe4 Rh5 32. Qe3 Kh7 33. Qd2 Bxb2 34. Qd1 Bg7 35. Rd7 Rc7 36. Rxc7 Qxc7 37. Qd3 Rc5 38. Rc4 Rxc4 39. Qxc4 Qd6 40. Qe4 Qd2+ 41. Kh3 Bd4 42. Qh4+ Kg7 43. Qe4 Bg1 44. Qe5+ Kh7 45. Qf6 Qxh2+ 46. Kg4 Kg8 47. Qd8+ Kg7 48. Bxe6 Qh5+ 49. Kf4 fxe6 50. Qe7+ Kh6 51. Qf8+ Kh7 52. Qf7+ Kh8 53. Qf8+ Kh7 54. Qf7+ Kh6 55. Qf8+ Kh7 1/2-1/2


[Site "https://www.chess.com"]

[Event "Titled Tuesday Blitz February 21 Early 2023"]
[White "Golubev, Mikhail"]
[Black "Markus, Robert"]
[WhiteFideId "14100983"]
[BlackFideId "921637"]
[WhiteElo "2461"]
[BlackElo "2596"]
[Result "1-0"]
[Round "02"]
[TimeControl "180+2"]
[Date "2023.02.21"]
[WhiteClock "0:00:43"]
[BlackClock "0:01:38"]

1. e4 d6 2. d4 g6 3. c4 Bg7 4. Nc3 e5 5. dxe5 Bxe5 6. f4 Bg7 7. Nf3 Nc6 8. Bd3 Bg4 9. h3 Bxf3 10. Qxf3 Nd4 11. Qf2 Ne6 12. O-O Bd4 13. Be3 Bxe3 14. Qxe3 Qf6 15. e5 Qd8 16. f5 gxf5 17. Bxf5 Qd7 18. exd6 Qxd6 19. Nb5 Qb6 20. Qxb6 cxb6 21. Bxe6 Ke7 22. Bd5 Nf6 23. Rae1+ 1-0


[Site "https://www.chess.com"]

[Event "Titled Tuesday Blitz February 21 Early 2023"]
[White "Fernandez Siles, Luis"]
[Black "Zhukova, Natalia"]
[WhiteFideId "2209420"]
[BlackFideId "14101513"]
[WhiteElo "2218"]
[BlackElo "2324"]
[Result "1-0"]
[Round "02"]
[TimeControl "180+2"]
[Date "2023.02.21"]
[WhiteClock "0:01:08"]
[BlackClock "0:00:01"]

1. d4 Nf6 2. c4 c5 3. d5 b5 4. Nd2 bxc4 5. e4 c3 6. bxc3 g6 7. f4 Bg7 8. Ngf3 O-O 9. Bd3 d6 10. O-O Ba6 11. Bxa6 Nxa6 12. Rb1 c4 13. Qe2 Nc5 14. Qxc4 Rc8 15. Qe2 Na4 16. Bb2 Nxc3 17. Bxc3 Rxc3 18. Rb7 Nd7 19. Rxa7 Nc5 20. Kh1 Nd3 21. Nb1 Nxf4 22. Qd2 Nxd5 23. exd5 Rc4 24. h3 Bf6 25. Qh6 Qb6 26. Ra3 Rc2 27. Ng5 Bxg5 28. Qxg5 Qb2 29. Raf3 1-0


[Site "https://www.chess.com"]

[Event "Titled Tuesday Blitz February 21 Early 2023"]
[White "Bambino Filho, Antonio Carlos"]
[Black "Schut, Han"]
[WhiteFideId "2113163"]
[BlackFideId "1005561"]
[WhiteElo "2144"]
[BlackElo "2101"]
[Result "1-0"]
[Round "02"]
[TimeControl "180+2"]
[Date "2023.02.21"]
[WhiteClock "0:01:57"]
[BlackClock "0:01:09"]

1. e4 c5 2. Nf3 d6 3. d4 cxd4 4. Nxd4 Nf6 5. Nc3 a6 6. Bc4 e6 7. Bb3 b5 8. Qe2 b4 9. Nd5 exd5 10. exd5+ Qe7 11. Be3 g6 12. Ba4+ Bd7 13. Nc6 Nxc6 14. dxc6 Be6 15. c7+ Bd7 16. Qxa6 Rxa6 17. c8=Q+ Qd8 18. Qxa6 Bg7 19. O-O O-O 20. Bxd7 Qxd7 21. Bd4 Qc6 22. Qxc6 1-0


[Site "https://www.chess.com"]

[Event "Titled Tuesday Blitz February 21 Early 2023"]
[White "Ciuffoletti, Paolo"]
[Black "Bozorov, Makhsum"]
[WhiteFideId "807630"]
[BlackFideId "14201330"]
[WhiteElo "2106"]
[BlackElo "2145"]
[Result "1-0"]
[Round "02"]
[TimeControl "180+2"]
[Date "2023.02.21"]
[WhiteClock "0:02:14"]
[BlackClock "0:02:43"]

1. e4 c5 2. d4 cxd4 3. c3 dxc3 4. Nxc3 e6 5. Nf3 Nc6 6. Bc4 a6 7. O-O d6 8. Qe2 b5 9. Bb3 Ra7 10. Be3 Rd7 11. a4 b4 12. Nb1 Be7 13. a5 Nf6 14. Bb6 Rc7 15. Ba4 Nd7 16. Bxc6 1-0


[Site "https://www.chess.com"]

[Event "Titled Tuesday Blitz February 21 Early 2023"]
[White "Clawitter, Craig"]
[Black "Cunha, Lucas Aguiar"]
[WhiteFideId "2023105"]
[BlackFideId "2125404"]
[WhiteElo "2050"]
[BlackElo "2309"]
[Result "1/2-1/2"]
[Round "02"]
[TimeControl "180+2"]
[Date "2023.02.21"]
[WhiteClock "0:00:04"]
[BlackClock "0:01:18"]

1. e4 c5 2. Nf3 Nc6 3. d4 cxd4 4. Nxd4 e6 5. Nc3 Qc7 6. Be3 a6 7. Qd2 Nf6 8. O-O-O Be7 9. f3 O-O 10. g4 b5 11. Kb1 Rd8 12. g5 Nh5 13. f4 Bb7 14. Be2 g6 15. Bxh5 gxh5 16. Qe2 b4 17. Na4 Nxd4 18. Bxd4 Qxf4 19. Qxh5 Bxe4 20. Rhf1 Bg6 21. Qh6 Bf8 22. Rxf4 Bxh6 23. gxh6 Rac8 24. Rf2 Rc6 25. b3 Rdc8 26. Rdd2 d6 27. Nb6 R8c7 28. Nc4 f5 29. Bb6 Rb7 30. Bd8 Kf8 31. Na5 Rbc7 32. Bxc7 Rxc7 33. Rxd6 Ke7 34. Rxa6 f4 35. Kb2 e5 36. Rc6 Rd7 37. Rc5 Kf6 38. Nc4 Re7 39. Re2 f3 40. Rexe5 f2 41. Ne3 Rxe5 42. Rxe5 Kxe5 43. c3 Kf4 44. Nf1 Bd3 45. Ng3 bxc3+ 46. Kxc3 f1=Q 47. Nxf1 Bxf1 48. Kd4 Kg5 49. a4 Kxh6 50. b4 Kg7 51. b5 Kf6 52. Kc5 Ke7 53. Kc6 Kd8 54. Kb7 Bg2+ 55. Kb8 Kd7 56. a5 Kd6 57. a6 Kc5 58. a7 Kxb5 59. a8=Q Bxa8 60. Kxa8 Kc5 61. Kb7 Kd5 62. Kc7 Ke4 63. Kd6 Kf4 64. Ke6 Kg4 65. Ke5 Kh3 66. Kf5 h5 67. Kg5 h4 68. Kh5 Kxh2 69. Kxh4 1/2-1/2


[Site "https://www.chess.com"]

[Event "Titled Tuesday Blitz February 21 Early 2023"]
[White "Erzhanov, Arman"]
[Black "Nugumanov, Bakhtiyar"]
[WhiteFideId "4138821"]
[BlackFideId "13701797"]
[WhiteElo "2228"]
[BlackElo "2316"]
[Result "1-0"]
[Round "02"]
[TimeControl "180+2"]
[Date "2023.02.21"]
[WhiteClock "0:01:24"]
[BlackClock "0:00:06"]

1. e4 e6 2. b3 d5 3. Bb2 dxe4 4. Nc3 Nf6 5. Qe2 Be7 6. O-O-O c5 7. g4 Nc6 8. g5 Nd5 9. Nxe4 Rg8 10. h4 Qc7 11. Nf3 Bd7 12. Kb1 O-O-O 13. d3 Kb8 14. Rg1 Ka8 15. Qd2 Bc8 16. Bg2 f6 17. Bh1 f5 18. Nc3 Nxc3+ 19. Bxc3 Nd4 20. Rde1 Nxf3 21. Bxf3 Qd7 22. Qe3 Qb5 23. Be5 Bd7 24. Qd2 Bc6 25. Qe3 Bd5 26. c4 Qc6 27. cxd5 exd5 28. Qf4 g6 29. Bb2 Rge8 30. Qc1 Qd6 31. Be5 Qd7 32. Re2 Rc8 33. Rge1 c4 34. dxc4 dxc4 35. bxc4 Qa4 36. Rb2 1-0


[Site "https://www.chess.com"]

[Event "Titled Tuesday Blitz February 21 Early 2023"]
[White "Zaksaite, Salomeja"]
[Black "Degenbaev, Aziz"]
[WhiteFideId "12801496"]
[BlackFideId "13802640"]
[WhiteElo "2283"]
[BlackElo "2203"]
[Result "1-0"]
[Round "02"]
[TimeControl "180+2"]
[Date "2023.02.21"]
[WhiteClock "0:00:03"]
[BlackClock "0:00:03"]

1. d4 Nf6 2. Nc3 d5 3. Bf4 g6 4. e3 Bg7 5. h4 h5 6. Nf3 O-O 7. Ne5 c5 8. dxc5 Qa5 9. Qd2 Be6 10. O-O-O Qxc5 11. f3 Rc8 12. Bd3 Nc6 13. g4 d4 14. exd4 Qxd4 15. Nxc6 Rxc6 16. Rde1 Nd5 17. Bh6 Nxc3 18. bxc3 Rxc3 19. Bxg7 Kxg7 20. gxh5 Rac8 21. hxg6 Rxc2+ 22. Qxc2 Rxc2+ 23. Kxc2 Qa4+ 24. Kc1 Qa3+ 25. Kd2 Qxa2+ 26. Ke3 f5 27. h5 Qd5 28. h6+ Kxg6 29. h7 Qe5+ 30. Kd2 Qb2+ 31. Bc2 Qd4+ 32. Bd3 Qb2+ 33. Ke3 Qe5+ 34. Kf2 Qd4+ 35. Kg2 1-0


[Site "https://www.chess.com"]

[Event "Titled Tuesday Blitz February 21 Early 2023"]
[White "Aarav Dengla"]
[Black "Mendez Machado, Andre"]
[WhiteFideId "45059756"]
[BlackFideId "6603793"]
[WhiteElo "2343"]
[BlackElo "1974"]
[Result "1/2-1/2"]
[Round "02"]
[TimeControl "180+2"]
[Date "2023.02.21"]
[WhiteClock "0:00:07"]
[BlackClock "0:00:03"]

1. e4 e5 2. Nf3 Nc6 3. Bc4 Bc5 4. c3 Nf6 5. d4 exd4 6. e5 d5 7. Bb5 Ne4 8. cxd4 Bb6 9. Nc3 Bg4 10. Be3 O-O 11. h3 Bxf3 12. gxf3 Nxc3 13. bxc3 Qh4 14. Qd2 f6 15. O-O-O fxe5 16. dxe5 Nxe5 17. Qxd5+ Nf7 18. Rdg1 c6 19. Rg4 Qf6 20. Qb3 cxb5 21. Rhg1 Bxe3+ 22. fxe3 g6 23. h4 Rac8 24. Kb2 Qxf3 25. h5 Qf2+ 26. Kb1 g5 27. Rxg5+ Kh8 28. R5g2 Qxe3 29. Qxb5 Qe4+ 30. Ka1 Qe5 31. Qb2 Qxc3 32. Qxc3+ Rxc3 33. Kb2 Rcc8 34. Rd2 h6 35. Rg6 Kh7 36. Rd7 Rcd8 37. Rxb7 Rb8 38. Rxb8 Rxb8+ 39. Kc3 Rb6 40. Rg4 Ra6 41. a4 Ng5 42. Rh4 Kg7 43. Kb4 Kf6 44. Rf4+ Ke5 45. Rf8 Ne4 46. Rf7 Nf6 47. Kb5 Rb6+ 48. Ka5 Nxh5 49. Rxa7 Rg6 50. Kb5 Nf4 51. a5 h5 52. Rh7 Kf5 53. a6 Kg4 54. a7 Rg8 55. Kb6 h4 56. Kb7 h3 57. Rxh3 Nxh3 58. a8=Q Rxa8 59. Kxa8 1/2-1/2


[Site "https://www.chess.com"]

[Event "Titled Tuesday Blitz February 21 Early 2023"]
[White "Sanchez, Robert"]
[Black "Sabar, Ethmane Daouda"]
[WhiteFideId "2034360"]
[BlackFideId "19600097"]
[WhiteElo "1966"]
[BlackElo "2040"]
[Result "1-0"]
[Round "02"]
[TimeControl "180+2"]
[Date "2023.02.21"]
[WhiteClock "0:01:11"]
[BlackClock "0:00:12"]

1. Nf3 d5 2. e3 Bg4 3. c4 e6 4. Nc3 c6 5. Be2 f5 6. cxd5 exd5 7. Nd4 Bxe2 8. Qxe2 g6 9. d3 Qe7 10. O-O Bg7 11. Nb3 Nf6 12. e4 fxe4 13. dxe4 dxe4 14. Be3 Nbd7 15. Qc4 Qf7 16. Qb4 b6 17. Qa4 Qe6 18. Nd4 Qd6 19. Rad1 Nc5 20. Qc2 O-O 21. Nf5 Qe5 22. Nxg7 Kxg7 23. Bd4 Qf5 24. Rfe1 Rae8 25. Re2 Nd3 26. f3 Nf4 27. Rxe4 Rxe4 28. Nxe4 Nd5 29. Qxc6 g5 30. Ng3 Qf4 31. Nh5+ 1-0


[Site "https://www.chess.com"]

[Event "Titled Tuesday Blitz February 21 Early 2023"]
[White "Mazurkiewicz, Michal"]
[Black "Kohler, Aran"]
[WhiteFideId "1124943"]
[BlackFideId "1002856"]
[WhiteElo "2145"]
[BlackElo "2010"]
[Result "1-0"]
[Round "02"]
[TimeControl "180+2"]
[Date "2023.02.21"]
[WhiteClock "0:01:21"]
[BlackClock "0:00:28"]

1. e4 c6 2. d3 d5 3. Nd2 e5 4. Ngf3 Bd6 5. d4 exd4 6. exd5 c5 7. Ne4 a6 8. Bd3 Ne7 9. O-O h6 10. b4 cxb4 11. a3 O-O 12. Nxd6 Qxd6 13. axb4 Qxd5 14. c4 Qd8 15. b5 Bg4 16. Be4 Ng6 17. Qxd4 Nd7 18. Bxb7 Rb8 19. bxa6 Qc7 20. Qxg4 Nge5 21. Nxe5 Nxe5 22. Qg3 Qc5 23. Ba3 1-0


[Site "https://www.chess.com"]

[Event "Titled Tuesday Blitz February 21 Early 2023"]
[White "Hernandez Jimenez, Alexander Andres"]
[Black "Guliev, Logman"]
[WhiteFideId "3900452"]
[BlackFideId "13400061"]
[WhiteElo "2134"]
[BlackElo "2250"]
[Result "0-1"]
[Round "02"]
[TimeControl "180+2"]
[Date "2023.02.21"]
[WhiteClock "0:02:28"]
[BlackClock "0:02:05"]

1. e4 e5 2. Nf3 Nc6 3. Bc4 Nf6 4. d3 Be7 5. c3 d6 6. Nbd2 Bg4 7. h3 Bh5 8. Nf1 d5 9. exd5 Nxd5 10. Ng3 Bg6 11. Bb5 Bd6 12. O-O O-O 13. Re1 Nf4 14. Bxf4 exf4 15. Ne4 Be7 16. Bxc6 bxc6 17. Qd2 f5 0-1


[Site "https://www.chess.com"]

[Event "Titled Tuesday Blitz February 21 Early 2023"]
[White "Kiselev, Pavel"]
[Black "Srebrnic, Marko"]
[WhiteFideId "4191102"]
[BlackFideId "14603616"]
[WhiteElo "2245"]
[BlackElo "2366"]
[Result "1-0"]
[Round "02"]
[TimeControl "180+2"]
[Date "2023.02.21"]
[WhiteClock "0:01:55"]
[BlackClock "0:01:56"]

1. Nf3 Nf6 2. d4 g6 3. c4 d6 4. Nc3 Bf5 5. Bg5 Ne4 6. Nxe4 Bxe4 7. e3 c5 8. Be2 cxd4 9. exd4 Bxf3 10. Bxf3 Qb6 11. Qd2 Nc6 12. Be3 d5 13. c5 Qd8 14. O-O Bg7 15. b4 a6 16. a4 e5 17. dxe5 Nxe5 18. Bxd5 1-0


[Site "https://www.chess.com"]

[Event "Titled Tuesday Blitz February 21 Early 2023"]
[White "Aslanov, Umid"]
[Black "Thomas, Anysia"]
[WhiteFideId "13412620"]
[BlackFideId "670472"]
[WhiteElo "2273"]
[BlackElo "2147"]
[Result "1-0"]
[Round "02"]
[TimeControl "180+2"]
[Date "2023.02.21"]
[WhiteClock "0:01:10"]
[BlackClock "0:00:01"]

1. e4 c5 2. Nf3 g6 3. d4 cxd4 4. Nxd4 Nc6 5. Nc3 Bg7 6. Be3 Nf6 7. Be2 O-O 8. O-O d5 9. exd5 Nxd5 10. Nxc6 bxc6 11. Nxd5 cxd5 12. c3 e5 13. Bf3 Be6 14. Qd2 Qa5 15. Rfd1 Rfd8 16. Bh6 Bh8 17. h4 Rab8 18. h5 Qb6 19. hxg6 hxg6 20. Bg5 f6 21. Bh4 Qxb2 22. Qh6 Kf7 23. Qe3 d4 24. cxd4 Rxd4 25. Rxd4 Qxd4 26. Qxd4 exd4 27. Rd1 Rd8 28. a3 g5 29. Bg3 f5 30. Bh5+ Kf6 31. f4 g4 32. Bh4+ Kg7 33. Bxd8 Kh6 34. Be8 Bb3 35. Rd2 Bc4 36. g3 d3 37. Rh2+ Kg7 38. Ba5 Kg8 39. Bc6 Bd4+ 40. Kh1 Kg7 41. Rd2 Kf6 42. Kg2 Be3 43. Rd1 a6 44. Bc3+ Kf7 45. a4 Bc5 46. a5 Ke6 47. Bb7 Kd6 48. Be5+ Kd7 49. Kf1 Bb4 50. Kf2 1-0


[Site "https://www.chess.com"]

[Event "Titled Tuesday Blitz February 21 Early 2023"]
[White "Burke, John F"]
[Black "Andreev, Konstantin"]
[WhiteFideId "2052970"]
[BlackFideId "24239305"]
[WhiteElo "2013"]
[BlackElo "2195"]
[Result "1-0"]
[Round "02"]
[TimeControl "180+2"]
[Date "2023.02.21"]
[WhiteClock "0:02:20"]
[BlackClock "0:01:39"]

1. d4 Nf6 2. c4 e6 3. Nc3 Bb4 4. Qb3 a5 5. a3 Bxc3+ 6. Qxc3 O-O 7. f3 c5 8. Bg5 h6 9. Bh4 g5 10. Bf2 d5 11. dxc5 dxc4 12. Rd1 Qe7 13. e4 Nfd7 14. Qxc4 Na6 15. h4 g4 16. Rc1 Ne5 17. Qc3 Qf6 18. Bd4 gxf3 19. gxf3 Qf4 20. Bxe5 1-0


[Site "https://www.chess.com"]

[Event "Titled Tuesday Blitz February 21 Early 2023"]
[White "Shohat, Yotam"]
[Black "Simonovic, Miroslav"]
[WhiteFideId "2813955"]
[BlackFideId "919152"]
[WhiteElo "2346"]
[BlackElo "2082"]
[Result "1-0"]
[Round "02"]
[TimeControl "180+2"]
[Date "2023.02.21"]
[WhiteClock "0:00:10"]
[BlackClock "0:00:42"]

1. d4 Nf6 2. c4 c5 3. d5 b5 4. cxb5 a6 5. e3 axb5 6. Bxb5 Bb7 7. Nc3 Qa5 8. Bc4 e6 9. Bd2 Qb6 10. Qf3 Be7 11. e4 O-O 12. Nge2 exd5 13. exd5 d6 14. b3 Nbd7 15. Qg3 Kh8 16. O-O Ba6 17. Rab1 Bxc4 18. bxc4 Qa6 19. Rb5 Ne5 20. Qf4 h6 21. Rfb1 Nfd7 22. h4 Rfb8 23. g3 Kg8 24. Kg2 Ng6 25. Qf5 Nde5 26. h5 Nf8 27. Qe4 Bf6 28. Rxb8 Rxb8 29. Rxb8 Qa7 30. Rb1 Qa6 31. Nb5 Nxc4 32. Qxc4 Nd7 33. Nxd6 Qxd6 34. Bf4 Be5 35. Qe4 Bxf4 36. Qxf4 Qe7 37. Qf3 Nf6 38. Rd1 Kh7 39. d6 Qd7 40. Nf4 c4 41. Nd5 Ng4 42. Qe4+ Kg8 43. Ne7+ Kf8 44. Nf5 Nf6 45. Qe7+ Qxe7 46. dxe7+ Kg8 47. Rd8+ Kh7 48. e8=Q Nxe8 49. Rxe8 g6 50. hxg6+ fxg6 51. Re7+ Kg8 52. Nd4 Kf8 53. Rc7 c3 54. Rxc3 g5 55. Rf3+ Kg7 56. g4 h5 57. Nf5+ Kg6 58. gxh5+ Kxh5 59. Ng3+ Kg6 60. Kh3 g4+ 61. Kxg4 Kg7 62. Kg5 Kg8 63. Nh5 Kh8 64. Kg6 Kg8 65. Rf4 Kh8 66. Rf8# 1-0


[Site "https://www.chess.com"]

[Event "Titled Tuesday Blitz February 21 Early 2023"]
[White "Ruge, Edison"]
[Black "Balabayeva, Xeniya"]
[WhiteFideId "4401000"]
[BlackFideId "13719688"]
[WhiteElo "2201"]
[BlackElo "2191"]
[Result "0-1"]
[Round "02"]
[TimeControl "180+2"]
[Date "2023.02.21"]
[WhiteClock "0:00:01"]
[BlackClock "0:00:04"]

1. e4 c6 2. d3 d5 3. Nd2 g6 4. Ngf3 Bg7 5. g3 e5 6. Bg2 Ne7 7. h4 h5 8. O-O O-O 9. Nh2 Qc7 10. Qe2 Be6 11. Ndf3 f6 12. Nd2 Nd7 13. f4 f5 14. exd5 Nxd5 15. c4 Ne7 16. Ndf3 Bf7 17. Ng5 Rae8 18. Nxf7 Rxf7 19. Nf3 Nc8 20. Ng5 Rfe7 21. Qc2 Nf6 22. fxe5 Qxe5 23. Bf4 Qd4+ 24. Kh1 Re2 25. Qc3 Ng4 26. Qxd4 Bxd4 27. Nf3 Bg7 28. Rae1 Bxb2 29. Rxe2 Rxe2 30. d4 Bc3 31. d5 cxd5 32. cxd5 Bb4 33. Nd4 Rxa2 34. Rc1 Nd6 35. Bxd6 Bxd6 36. Rc8+ Kf7 37. Ne6 Ra1+ 38. Bf1 Rxf1+ 39. Kg2 Rf2+ 40. Kg1 Bxg3 41. Ng5+ Ke7 42. Rg8 Bh2+ 43. Kh1 f4 44. Rxg6 Rf1+ 45. Kg2 Rf2+ 46. Kh3 f3 47. Re6+ Kd7 48. Ne4 Re2 49. Nc5+ Kd8 50. Nxb7+ Kc7 0-1


[Site "https://www.chess.com"]

[Event "Titled Tuesday Blitz February 21 Early 2023"]
[White "Heinemann, Josefine"]
[Black "Cramling Bellon, Anna"]
[WhiteFideId "12900460"]
[BlackFideId "32009232"]
[WhiteElo "2289"]
[BlackElo "2043"]
[Result "1-0"]
[Round "02"]
[TimeControl "180+2"]
[Date "2023.02.21"]
[WhiteClock "0:00:15"]
[BlackClock "0:00:07"]

1. e4 c5 2. Nf3 e6 3. d4 cxd4 4. Nxd4 Nf6 5. Nc3 Nc6 6. Nxc6 bxc6 7. e5 Nd5 8. Ne4 Qc7 9. f4 Qb6 10. c4 Bb4+ 11. Ke2 f5 12. Nf2 Ne7 13. Kf3 c5 14. a3 Qc6+ 15. Ke2 Ba5 16. Be3 Ba6 17. Rc1 g5 18. fxg5 Ng6 19. Qd6 Qxd6 20. exd6 Rc8 21. Nd3 Bb6 22. h4 f4 23. h5 fxe3 24. hxg6 O-O 25. Rxh7 Bd8 26. Rxd7 Bxg5 27. Rc7 Rxc7 28. dxc7 Rc8 29. Nxc5 Rf8 30. Ne4 Be7 31. b4 Rc8 32. b5 Bb7 33. Kxe3 Bxe4 34. Kxe4 Rxc7 35. Bd3 Bxa3 36. Rh1 Bc5 37. Ke5 Rg7 38. Kxe6 Bd4 39. Kd5 Bf6 40. c5 Bd8 41. c6 Bb6 42. Kc4 Rc7 43. Rh7 Rxh7 44. gxh7+ Kh8 45. Kd5 Kg7 46. Ke6 Kh8 47. Kd7 Kg7 48. c7 Bxc7 49. Kxc7 Kh8 50. Kb7 Kg7 51. Kxa7 Kh8 52. b6 Kg7 53. b7 Kh8 54. b8=Q+ Kg7 55. Qh8+ Kxh8 56. Kb6 Kg7 57. Kc5 Kh8 58. Kd4 Kg7 59. Ke5 Kh8 60. Kf5 Kg7 61. g4 Kxh7 62. Kf6+ Kh8 63. Be2 Kg8 64. g5 Kh8 65. g6 Kg8 66. g7 Kh7 67. Bc4 Kh6 68. g8=Q Kh5 69. Qg5# 1-0


[Site "https://www.chess.com"]

[Event "Titled Tuesday Blitz February 21 Early 2023"]
[White "Kuchava, Ana"]
[Black "Kejna, Piotr"]
[WhiteFideId "13605348"]
[BlackFideId "21821704"]
[WhiteElo "2101"]
[BlackElo "2027"]
[Result "1-0"]
[Round "02"]
[TimeControl "180+2"]
[Date "2023.02.21"]
[WhiteClock "0:00:17"]
[BlackClock "0:00:42"]

1. d4 Nf6 2. Nf3 g6 3. c4 Bg7 4. Nc3 d6 5. e4 O-O 6. Be2 e5 7. O-O Nbd7 8. Re1 Ne8 9. Bf1 f5 10. exf5 gxf5 11. Ng5 exd4 12. Ne6 Qf6 13. Nd5 Qh4 14. Nxf8 Kxf8 15. Rxe8+ Kxe8 16. Nxc7+ Kd8 17. Nxa8 b6 18. Qf3 Ne5 19. Qg3 Qe7 20. Bg5 Bf6 21. Bxf6 Qxf6 22. Qg8+ Kd7 23. Qxh7+ Nf7 24. Bd3 Bb7 25. Qxf5+ Qxf5 26. Bxf5+ Kd8 27. Nxb6 axb6 28. Rd1 Nh6 29. Be6 Ke7 30. Bd5 Bxd5 31. cxd5 Nf5 32. g4 Nh4 33. Kf1 Kf6 34. Rxd4 Ke5 35. Rd1 Nf3 36. Kg2 Nh4+ 37. Kg3 Ng6 38. h4 Kf6 39. h5 Ne5 40. f4 Nf7 41. g5+ Kf5 42. Re1 b5 43. h6 b4 44. Re6 Nh8 45. Rf6+ Ke4 46. g6 b3 47. g7 bxa2 48. Re6+ Kxd5 49. Re1 Nf7 50. g8=Q Kc6 51. Qxf7 1-0


[Site "https://www.chess.com"]

[Event "Titled Tuesday Blitz February 21 Early 2023"]
[White "Real_taiatai"]
[Black "Tarnowska, Aleksandra"]
[BlackFideId "1180967"]
[WhiteElo "2442"]
[BlackElo "1835"]
[Result "1-0"]
[Round "02"]
[TimeControl "180+2"]
[Date "2023.02.21"]
[WhiteClock "0:00:27"]
[BlackClock "0:00:03"]

1. d4 d5 2. c4 e6 3. g3 Nf6 4. Bg2 Bb4+ 5. Nd2 Be7 6. Ngf3 O-O 7. O-O dxc4 8. Nxc4 c5 9. dxc5 Bxc5 10. Bf4 Nc6 11. Qc2 Nd5 12. Rfd1 Qe7 13. Nfe5 Nxf4 14. Nxc6 bxc6 15. gxf4 Qh4 16. e3 Ba6 17. Ne5 Bb6 18. Qxc6 Rac8 19. Qa4 Be2 20. Rd2 Bh5 21. Nd7 Rfe8 22. Nxb6 axb6 23. Qb5 Qg4 24. Qxb6 Qg6 25. Kh1 Rc2 26. Rxc2 Qxc2 27. Qc6 Rf8 28. Qxc2 1-0


[Site "https://www.chess.com"]

[Event "Titled Tuesday Blitz February 21 Early 2023"]
[White "Manukyan, Sargis V."]
[Black "lisjakzlatko1"]
[WhiteFideId "13303465"]
[WhiteElo "2253"]
[BlackElo "2162"]
[Result "0-1"]
[Round "02"]
[TimeControl "180+2"]
[Date "2023.02.21"]
[WhiteClock "0:00:19"]
[BlackClock "0:00:06"]

1. Nf3 d6 2. d4 Bg4 3. g3 Nd7 4. Bg2 e5 5. dxe5 dxe5 6. O-O Ngf6 7. Nc3 c6 8. Bg5 h6 9. Bxf6 Qxf6 10. Qd3 O-O-O 11. Rad1 Qe6 12. Ne4 f5 13. Nd6+ Kb8 14. h3 e4 15. Qe3 Bxf3 16. exf3 Bxd6 17. fxe4 fxe4 18. Rfe1 Nf6 19. a3 Rhe8 20. b4 Qc4 21. Rc1 Nd5 22. Qb3 Qd4 23. c4 Nf6 24. Rcd1 Qe5 25. a4 Bc7 26. Rxd8+ Rxd8 27. a5 Rd3 28. Qa4 Qd4 29. b5 Bxg3 30. Rf1 Rd2 31. bxc6 Rxf2 32. c7+ Kxc7 33. Kh1 Rxf1+ 34. Bxf1 Qf2 35. Qa2 Qxf1# 0-1


[Site "https://www.chess.com"]

[Event "Titled Tuesday Blitz February 21 Early 2023"]
[White "Zacurdajev, Dmitry"]
[Black "Kiseljova, Marya"]
[WhiteFideId "4196309"]
[BlackFideId "4155009"]
[WhiteElo "2273"]
[BlackElo "2031"]
[Result "1-0"]
[Round "02"]
[TimeControl "180+2"]
[Date "2023.02.21"]
[WhiteClock "0:00:06"]
[BlackClock "0:00:08"]

1. d4 e6 2. c4 Nf6 3. Nc3 Bb4 4. Qc2 c5 5. dxc5 Bxc5 6. Bg5 O-O 7. e3 h6 8. Bh4 b6 9. Nf3 Bb7 10. Be2 Be7 11. O-O d6 12. Rfd1 a6 13. Rac1 Nbd7 14. a3 Qc7 15. b4 Rac8 16. Qb3 Bxf3 17. gxf3 Ne5 18. Bg3 Rfd8 19. Ne4 Nxe4 20. fxe4 a5 21. f4 Nd7 22. Kf2 Nf6 23. Bf3 axb4 24. axb4 Bf8 25. Rg1 Kh8 26. Bh4 Be7 27. Qb2 Rg8 28. Bg3 Nd7 29. Kg2 Bf6 30. Qc2 b5 31. c5 dxc5 32. f5 Be5 33. bxc5 Nxc5 34. Qf2 Bxg3 35. hxg3 Qe5 36. Qe2 exf5 37. exf5 Qxf5 38. Rgf1 Qg5 39. Bg4 Ne6 40. Rf5 Qg6 41. e4 Rxc1 42. Bh5 Qh7 43. Bxf7 Rf8 44. Bxe6 Rxf5 45. exf5 h5 46. Qxb5 Rc2+ 47. Kh3 Qh6 48. Qe8+ Kh7 49. Qg8# 1-0


[Site "https://www.chess.com"]

[Event "Titled Tuesday Blitz February 21 Early 2023"]
[White "Wahedi, Ahmad Siar"]
[Black "Winkels, Marcel"]
[WhiteFideId "4651260"]
[BlackFideId "1003887"]
[WhiteElo "2274"]
[BlackElo "1960"]
[Result "1-0"]
[Round "02"]
[TimeControl "180+2"]
[Date "2023.02.21"]
[WhiteClock "0:00:42"]
[BlackClock "0:00:02"]

1. e4 c5 2. Nf3 d6 3. d4 cxd4 4. Nxd4 Nf6 5. Nc3 a6 6. Be3 e5 7. Nb3 Be6 8. f3 Nbd7 9. Qd2 h5 10. O-O-O Rc8 11. Bg5 Be7 12. Kb1 b5 13. h4 b4 14. Nd5 Bxd5 15. exd5 a5 16. Be2 a4 17. Nc1 Qa5 18. g4 O-O 19. f4 a3 20. b3 Rc5 21. fxe5 Rxd5 22. exf6 Rxd2 23. fxe7 Re8 24. Rxd2 Qe5 25. Nd3 Qc3 26. Rdd1 Ne5 27. Bd2 Qd4 28. Bc1 Qc3 29. Nxe5 Qxe5 30. Bc4 Qxe7 31. gxh5 Qf6 32. Rhf1 Qe5 33. Rxf7 Kh8 34. h6 gxh6 35. h5 Rg8 36. Rd7 1-0


[Site "https://www.chess.com"]